 Dungeon Crawl Stone Soup version 0.30.0-29-ga12c61a403 (webtiles) character file.

Game seed: 18103579575913793969

48 olmar the Ruffian (level 3, -2/32 HPs)
             Began as a Troll Transmuter on June 7, 2023.
             Killed from afar by an electric eel (8 damage)
             ... with a bolt of electricity
             ... on level 6 of the Dungeon.
             The game lasted 00:01:29 (1131 turns).

olmar the Ruffian (Troll Transmuter)                Turns: 1131, Time: 00:01:30

Health: -2/32      AC:  4    Str: 18    XL:     3   Next: 50%
Magic:  4/4        EV: 10    Int: 11    God:
Gold:   73         SH:  0    Dex: 10    Spells: 3/4 levels left

rFire   . .          .
                       - Unarmed
rCold   . . .        (no shield)
rNeg    . . .        a - +0 robe
rPois   .            (helmet restricted)
rElec   .            (no cloak)
rCorr   .            (gloves unavailable)
SInv    .            (boots unavailable)
Will    .....        (no amulet)
Stlth   +            (no ring)
HPRegen 1.05/turn    (no ring)
MPRegen 0.09/turn

%: no passive effects
@: no status effects
A: large, unfitting armour, claws 3, regeneration 1, shaggy fur 1, tough skin 1
a: no special abilities


You were on level 6 of the Dungeon.
You visited 1 branch of the dungeon, and saw 4 of its levels.

You collected 73 gold pieces.

Inventory:

Armour
 a - a +0 robe (worn)
Scrolls
 c - 2 scrolls of identify {unknown}
 e - a scroll of immolation {unknown}
 f - a scroll of enchant armour {unknown}
 g - 2 scrolls of teleportation {unknown}
Potions
 b - 2 potions of lignification
 d - a potion of might {unknown}
 h - a potion of degeneration {unknown}
 i - a potion of attraction {unknown}


   Skills:
 + Level 0.8 Fighting
 + Level 2.2 Dodging
 + Level 3.8 Unarmed Combat
 + Level 1.4 Spellcasting
 + Level 1.5 Transmutations


You had 3 spell levels left.
You knew the following spells:

 Your Spells              Type           Power      Damage    Failure   Level
a - Beastly Appendage     Tmut           8%         N/A       17%         1

Your spell library contained the following spells:

 Spells                   Type           Power      Damage    Failure   Level
 Wereblood                Tmut           4%         N/A       26%         2
 Poisonous Vapours        Pois/Air       0%         N/A       43%         2
 Spider Form              Tmut/Pois      2%         N/A       56%         3
 Mephitic Cloud           Conj/Pois/Air  0%         N/A       67%         3
 Ice Form                 Ice/Tmut       2%         N/A       92%         4
 Freezing Cloud           Conj/Ice/Air   0%         6-21      100%        5


Dungeon Overview and Level Annotations

Branches:
Dungeon (3/15)

Altars:


Innate Abilities, Weirdness & Mutations

You are too large for most types of armour.
You have claws for hands.
Your natural rate of healing is unusually fast.
You are covered in fur. (AC +1)
You have tough skin. (AC +1)


Message History

r - Retreat! s - Stop attacking. g - Guard the area. f - Follow me.
Anything else - Cancel.
Okay, then.
What are your orders? t - Shout!
Orders for allies: a - Attack new target. r - Retreat! s - Stop attacking. g - Guard the area. f - Follow me.
Anything else - Cancel.
Okay, then.
What are your orders? t - Shout!
Orders for allies: a - Attack new target. r - Retreat! s - Stop attacking. g - Guard the area. f - Follow me.
Anything else - Cancel.
Okay, then.
What are your orders? t - Shout!
Orders for allies: a - Attack new target. r - Retreat! s - Stop attacking. g - Guard the area. f - Follow me.
Anything else - Cancel.
Okay, then.
What are your orders? t - Shout!
Orders for allies: a - Attack new target. r - Retreat! s - Stop attacking. g - Guard the area. f - Follow me.
Anything else - Cancel.
You shout for attention!
The orc barely misses you. The orc closely misses you.
You hear some strange, mumbled words.
A puff of flame appears from out of thin air!
The puff of flame hits you!
* * * LOW HITPOINT WARNING * * *
The electric eel shoots out a bolt of lightning at you!
The bolt of electricity hits the plant! x2; The bolt of electricity hits you!
You die...

##### #.##.##. #.##....
.## ########## #.##.#..
..##........###.##.#.. ♣
♣♣~♣.#.....P.~........
~~♣~~P~##...P~~~P..###.#
≈~~~~~~#......~...## #.#
≈≈SP~~♣o......##### #.#
≈~Ph~~o@####### #.#
~P~~~P{P~# #.#
~~♣P~.P.♣.. ..#
.~~...~~..... ###
......... ...#
...[.~~P~~~..#
..~~SP~~♣♣ ....
~P~P~~~♣~ ..##


You could see a hound, 2 electric eels and 2 orcs.

Vanquished Creatures
  2 adders (D:2)
  A ball python (D:1)
  A bat (D:1)
  6 endoplasms
  5 giant cockroaches (D:1)
  4 goblins (D:1)
  A hobgoblin (D:1)
  3 frilled lizards (D:1)
  3 kobolds (D:1)
  A rat (D:2)
27 creatures vanquished.

Notes
Turn   | Place    | Note
-------+----------+-------------------------------------------
     0 | D:1      | olmar the Troll Transmuter began the quest for the Orb.
     0 | D:1      | Reached XP level 1. HP: 18/18 MP: 1/1
   219 | D:1      | Found a faded altar of an unknown god.
   235 | D:1      | Reached XP level 2. HP: 23/26 MP: 2/2
   908 | D:1      | You fall into a shaft and drop 1 floor!
   948 | D:2      | Reached XP level 3. HP: 32/32 MP: 4/4
  1042 | D:3      | You fall into a shaft and drop 3 floors!
  1131 | D:6      | Killed from afar by an electric eel

Illustrated notes

Levels and vault maps discovered:
D:1:      dpeg_arrival_round_a, layout_loops_corners,
          nicolae_ecumenical_lake_church, serial_forest,
          infiniplex_forest_end_3, infiniplex_forest_end_double,
          infiniplex_forest_end_2, infiniplex_forest_lined_3_way,
          infiniplex_forest_lined_3, infiniplex_forest_lined_room_2,
          kennysheep_small_spiral
D:2:      kennysheep_big_flooded_room, layout_rooms
D:3:      layout_basic, bh_walls_and_bars
D:6:      layout_loops_cross, nemelex_xobeh_ov_fountains_minmay, serial_bayou,
          serial_bayou_ford_a, serial_bayou_shore_a, serial_bayou_lagoon_a,
          serial_bayou_pond_e, serial_bayou_pond_e, serial_bayou_pond_d,
          minmay_manual_mess

Skill      XL: |  1  2 |
---------------+-------+-----
Dodging        | 2 |  2.2
Fighting       | |  0.8
Unarmed Combat | |  3.8
Spellcasting   | |  1.4
Transmutations | |  1.5

Action                     || total
---------------------------++-------
  Melee: Unarmed           ||   104
         Kick              ||     2
         Headbutt          ||     2
   Cast: Beastly Appendage ||     3
 Armour: Robe              ||    24
  Dodge: Dodged            ||    52
